 Dungeon Crawl Stone Soup version 0.29.1-15-g9cfb28693d (webtiles) character file.

Game seed: 12861191089144820994

2776 DemonSlayer the Magician (level 9, -8/59 HPs)
             Began as a Demonspawn Earth Elementalist on Apr 15, 2023.
             Was a Follower of Dithmenos.
             Killed from afar by a gargoyle (20 damage)
             ... with a stone arrow
             ... on level 7 of the Dungeon.
             The game lasted 00:21:35 (10884 turns).

DemonSlayer the Magician (DsEE)                    Turns: 10884, Time: 00:21:36

Health: -8/59      AC:  4    Str:  8    XL:     9   Next: 42%
Magic:  0/19       EV: 13    Int: 19    God:    Dithmenos [*.....]
Gold:   303        SH:  4    Dex: 19    Spells: 13/22 levels left

rFire   . . .      SeeInvis +   d - +4 dagger
rCold   . . .      Faith    .   (no shield)
rNeg    . . .      Spirit   +   q - +1 robe of the Dropbear {Fly Int+3}
rPois   +          Reflect  .   (no helmet)
rElec   .          Harm     .   (no cloak)
rCorr   .          Rampage  .   (no gloves)
Will    .....                   s - +0 pair of boots
Stlth   ++++......              l - amulet of guardian spirit
HPRegen 0.19/turn               f - ring of poison resistance
MPRegen 0.16/turn               m - ring of see invisible

@: about to teleport, flying, hasted, wreathed by umbra, very quick
A: foul stench 1, sturdy frame 2, condensation shield, weakness stinger 2
a: Renounce Religion


You were on level 7 of the Dungeon.
You worshipped Dithmenos.
Dithmenos was aware of your devotion.
You visited 1 branch of the dungeon, and saw 7 of its levels.

You collected 303 gold pieces.

Inventory:

Hand Weapons
 d - a +4 dagger (weapon)
Missiles
 e - a throwing net
 r - 3 datura-tipped darts
Armour
 q - the +1 robe of the Dropbear (worn) {Fly Int+3}
   (You found it on level 7 of the Dungeon)

   Int:       It affects your intelligence (+3).
   Fly:       It grants you flight.
 s - a +0 pair of boots (worn)
Jewellery
 f - a ring of poison resistance (left hand)
 l - an amulet of guardian spirit (around neck)
 m - a ring of see invisible (right hand)
 o - a ring of flight
Wands
 g - a wand of mindburst (13)
 h - a wand of digging (5)
 k - a wand of polymorph (5)
 n - a wand of light (9)
Scrolls
 i - a scroll of immolation
 t - a scroll of identify
Potions
 b - a potion of attraction
 c - a potion of mutation
 p - 2 potions of curing


   Skills:
 + Level 1.2 Fighting
 + Level 1.2 Short Blades
 + Level 0.2 Throwing
 + Level 3.3 Dodging
 + Level 5.0 Stealth
 + Level 0.5 Shields
 + Level 7.1 Spellcasting
 + Level 3.1 Conjurations
 + Level 1.1 Transmutations
 + Level 6.7 Earth Magic
 + Level 3.6 Evocations


You had 13 spell levels left.
You knew the following spells:

 Your Spells              Type           Power      Damage    Failure   Level
a - Sandblast             Erth           64%        2d14      1%          1
b - Passwall              Tmut/Erth      17%        N/A       3%          2
c - Stone Arrow           Conj/Erth      50%        3d10      4%          3
d - Swiftness             Air            6%         N/A       30%         3

Your spell library contained the following spells:

 Spells                   Type           Power      Damage    Failure   Level
 Ensorcelled Hibernation  Hex/Ice        12%        N/A       16%         2
 Petrify                  Tmut/Erth      21%        N/A       21%         4
 Summon Lightning Spire   Summ/Air       6%         N/A       69%         4
 Storm Form               Tmut/Air       4%         N/A       100%        7
 Maxwell's Capacitive Co  Air            3%         ∞         100%        8


Dungeon Overview and Level Annotations

Branches:
Dungeon (7/15)             Temple (0/1) D:6

Altars:
Ashenzari
Dithmenos
Fedhas
Gozag
Hepliaklqana
Makhleb
Okawaru
Qazlal
Wu Jian

Annotations:
D:3 1 runed translucent door, chaostorm's ghost, amateur TeAE
D:4 3 runed translucent doors, Pikel; wextippler1's ghost, amateur DsVM


Innate Abilities, Weirdness & Mutations

You may rarely emit foul miasma when damaged in melee.
Your movements are less encumbered by armour. (ER -4)
A meltable shield of frost defends you. (SH +4)
You have a tail ending in a sharp stinger.


Message History

Dithmenos accepts your kill.
Your Stealth skill increases to level 5!
Your Spellcasting skill increases to level 7!
Your Conjurations skill increases to level 3!
You can't see any susceptible monsters within range! (Use Z to cast anyway.)
You can't see any susceptible monsters within range! (Use Z to cast anyway.)
Things that are here:
a +0 mace; a +0 chain mail
There is an open door here.
You reach down and open the door.
You reach down and open the door.
A gargoyle comes into view. It is wielding a +0 mace.
Found a potion of attraction.
The gargoyle hurls a stone arrow at you.
The stone arrow hits you!!
There is an open door, spattered with blood here.
You hit the gargoyle but do no damage. The gargoyle hits you with a +0 mace!
You emit a cloud of foul miasma!
You are too injured to fight recklessly!
You are too injured to fight recklessly!
You are too injured to fight recklessly!
Casting: Stone Arrow (dangerous; 4% risk of failure)
Confirm with . or Enter, or press ? or * to list all spells.
Aiming: Stone Arrow (dangerous; 4% risk of failure)
Press: ? - help, Shift-Dir - straight line, f - gargoyle
Aim: a gargoyle, wielding a +0 mace (foul pestilence, umbra, 86% to hit)
The stone arrow hits the gargoyle but does no damage.
The gargoyle hurls a stone arrow at you.
The stone arrow hits you!
* * * LOW HITPOINT WARNING * * *
Casting: Stone Arrow (dangerous; 4% risk of failure)
Confirm with . or Enter, or press ? or * to list all spells.
You don't have enough magic to cast this spell.
Okay, then.
You feel yourself speed up. The gargoyle closely misses you.
As you read the scroll of teleportation, it crumbles to dust.
You feel strangely unstable. The gargoyle barely misses you.
The gargoyle hurls a stone arrow at you.
The stone arrow hits you!!
You die...

#### ....#########
##.........###
#.........)..#####.
...##...##..........
#8...8###.####...
##@..##)#..#
###+.....'###.#
#!#.......#8#.#
#9.......'##.#
#....8....##.#
#'.......'##.#
#8#.......#8#.#
###'.....)###.#
#)##'.'##.#..#


You could see a gargoyle.

Vanquished Creatures
  4 gargoyles (D:7)
  Duvessa (D:7)
  A black bear (D:7)
  An ice beast (D:5)
  A sky beast (D:7)
  An ogre (D:7)
  An orc warrior (D:6)
  3 centaurs (D:6)
  2 lemures (D:4)
  A gnoll sergeant (D:6)
  A necrophage (D:5)
  A scorpion (D:4)
  Dowan (D:7)
  A howler monkey (D:6)
  2 jellies (D:4)
  3 hounds
  2 orc priests
  Jessica (D:2)
  An iguana (D:5)
  3 orc wizards
  6 gnolls
  9 adders
  An ufetubus (D:5)
  A worm (D:5)
  2 dart slugs (D:2)
  12 orcs
  10 ball pythons
  5 endoplasms
  3 giant cockroaches
  8 goblins
  A hobgoblin (D:2)
  2 jackals (D:1)
  7 quokkas
  A bat (D:2)
  2 frilled lizards (D:1)
  5 kobolds
  4 rats
111 creatures vanquished.

Vanquished Creatures (collateral kills)
  3 orcs (D:5)
3 creatures vanquished.

Vanquished Creatures (others)
  3 plants (D:1)
3 creatures vanquished.

Grand Total: 117 creatures vanquished

Notes
Turn   | Place    | Note
-------+----------+-------------------------------------------
     0 | D:1      | DemonSlayer the Demonspawn Earth Elementalist began the
                  | quest for the Orb.
     0 | D:1      | Reached XP level 1. HP: 13/13 MP: 3/3
    77 | D:1      | Reached skill level 1 in Transmutations
   184 | D:1      | Gained mutation: You have a small tail. [demonic ancestry]
   184 | D:1      | Reached XP level 2. HP: 16/19 MP: 1/5
   412 | D:1      | Found a faded altar of an unknown god.
  1084 | D:2      | Reached XP level 3. HP: 24/24 MP: 6/6
  1175 | D:2      | HP: 1/24 [gnoll/+0 flail (3)]
  1908 | D:2      | Reached XP level 4. HP: 30/30 MP: 6/8
  1968 | D:2      | Found a shadowy altar of Dithmenos.
  1979 | D:2      | Became a worshipper of Dithmenos the Shadowed
  2146 | D:2      | Noticed Jessica
  2153 | D:2      | Killed Jessica
  2154 | D:2      | Reached skill level 3 in Spellcasting
  2400 | D:2      | Learned a level 2 spell: Passwall
  2404 | D:2      | Learned a level 3 spell: Stone Arrow
  2408 | D:2      | Learned a level 3 spell: Swiftness
  2499 | D:3      | Found a hazy altar of Hepliaklqana.
  2519 | D:3      | Found a shadowy altar of Dithmenos.
  3031 | D:3      | Found an opulent altar of Gozag.
  3126 | D:3      | Found a runed translucent door.
  3127 | D:3      | Noticed chaostorm's ghost (amateur TeAE)
  3181 | D:3      | Identified the +3 scale mail of True Grit {rCorr}
  3259 | D:4      | Found an iron altar of Okawaru.
  3289 | D:4      | Gained mutation: A meltable shield of frost defends you.
                  | (SH +4) [demonic ancestry]
  3289 | D:4      | Reached XP level 5. HP: 35/35 MP: 6/10
  3452 | D:4      | Found a burning altar of Makhleb.
  3693 | D:4      | Found a runed translucent gate.
  3880 | D:4      | Found a runed translucent gate.
  3880 | D:4      | Found a runed translucent gate.
  3882 | D:4      | Noticed wextippler1's ghost (amateur DsVM)
  3892 | D:4      | Reached skill level 4 in Spellcasting
  3892 | D:4      | Gained mutation: You have a tail ending in a sharp stinger.
                  | [demonic ancestry]
  3892 | D:4      | Reached XP level 6. HP: 28/41 MP: 4/12
  4029 | D:4      | Noticed Pikel
  4098 | D:5      | Entered Level 5 of the Dungeon
  4539 | D:5      | Noticed an ice beast
  6433 | D:5      | Killed an ice beast
  6434 | D:5      | Gained mutation: Your movements are slightly less
                  | encumbered by armour. (ER -2) [demonic ancestry]
  6434 | D:5      | Reached XP level 7. HP: 9/47 MP: 0/13
  6880 | D:6      | Reached skill level 5 in Earth Magic
  6882 | D:6      | HP: 1/47 [orc priest/divine providence (14)]
  6897 | D:6      | Reached skill level 5 in Spellcasting
  6903 | D:6      | Reached * piety under Dithmenos
  7145 | D:6      | Found a broken altar of Ashenzari.
  7175 | D:6      | Found an ornate altar of the Wu Jian Council.
  7190 | D:6      | Found a staircase to the Ecumenical Temple.
  8429 | D:6      | Found a blossoming altar of Fedhas.
  8430 | D:6      | Found a stormy altar of Qazlal.
  8446 | D:6      | Reached skill level 1 in Evocations
  8448 | D:6      | Gained mutation: You may rarely emit foul miasma when
                  | damaged in melee. [demonic ancestry]
  8448 | D:6      | Reached XP level 8. HP: 53/53 MP: 12/16
  8455 | D:6      | Reached skill level 1 in Fighting
  8687 | D:6      | Reached skill level 1 in Short Blades
 10217 | D:7      | Noticed Dowan
 10220 | D:7      | Noticed Duvessa
 10236 | D:7      | Killed Duvessa
 10241 | D:7      | Killed Dowan
 10242 | D:7      | Reached skill level 6 in Spellcasting
 10572 | D:7      | Identified the +1 robe of the Dropbear {Fly Int+3}
 10613 | D:7      | Reached skill level 1 in Conjurations
 10680 | D:7      | Noticed a gargoyle
 10683 | D:7      | Killed a gargoyle
 10710 | D:7      | Noticed a gargoyle
 10714 | D:7      | Killed a gargoyle
 10715 | D:7      | Gained mutation: Your movements are less encumbered by
                  | armour. (ER -4) [demonic ancestry]
 10715 | D:7      | Reached XP level 9. HP: 52/59 MP: 4/19
 10813 | D:7      | Noticed a gargoyle
 10816 | D:7      | Killed a gargoyle
 10836 | D:7      | Noticed a gargoyle
 10839 | D:7      | Killed a gargoyle
 10840 | D:7      | Reached skill level 5 in Stealth
 10840 | D:7      | Reached skill level 7 in Spellcasting
 10876 | D:7      | Noticed a gargoyle
 10884 | D:7      | Killed from afar by a gargoyle

Illustrated notes

Levels and vault maps discovered:
D:1:      wander_arrival_fairy_ring, layout_rooms,
          hellmonk_ecumenical_altar_blasted
D:2:      layout_basic, basic_altar, nicolae_kite_square_tiling_tiny,
          uniq_jessica
D:3:      layout_rooms, marbit_many_paths, gammafunk_temple_overflow_elements,
          grunt_dithmenos_smoke_and_mirrors, ebering_ghost_inner_flame,
          minmay_between
D:4:      layout_basic, okawaru_metal_pillars_3, bloody_makhleb,
          gammafunk_ghost_split, grunt_ministairs_11, uniq_pikel
D:5:      layout_cave_pods
D:6:      layout_basic, grunt_temple_overflow_forces_of_nature,
          ashenzari_altar_1, mainiacjoe_overflow_alcove_1,
          minmay_temple_entry_antechambers
D:7:      cheibrodos_statue_roulette, layout_basic, kennysheep_mini_moat,
          uniq_duvessa

Skill      XL: |  1  2  3  4  5  6  7  8  9 |
---------------+----------------------------+-----
Transmutations | 1 |  1.1
Earth Magic    | 3 4 5 6 |  6.7
Dodging        | 2 3 |  3.3
Stealth        | 2 3 4 5 |  5.0
Spellcasting   | 3 4 5 6 7 |  7.1
Evocations     | 1 2 3 |  3.6
Fighting       | 1 |  1.2
Short Blades   | 1 |  1.2
Conjurations   | 2 3 |  3.1
Throwing       | |  0.2
Shields        | |  0.5

Action                   |  1- 3 |  4- 6 |  7- 9 || total
-------------------------+-------+-------+-------++-------
Melee: Dagger            |     4 |    33 |    24 ||    61
       Tailslap          |       |     3 |     3 ||     6
       Punch             |       |       |     1 ||     1
Throw: Dart              |       |     5 |       ||     5
 Cast: Sandblast         |    56 |    91 |    27 ||   174
       Stone Arrow       |       |       |    31 ||    31
Evoke: Wand              |       |     6 |    24 ||    30
  Use: Potion            |     1 |     4 |     4 ||     9
       Scroll            |       |    15 |     6 ||    21
 Stab: Sleeping          |     1 |     6 |     4 ||    11
Armor: Robe              |     6 |    20 |     8 ||    34
       Skin              |       |       |     7 ||     7
Dodge: Dodged            |    25 |    63 |    29 ||   117
Block: Other             |       |    16 |     6 ||    22
